 Dungeon Crawl Stone Soup version 0.23.2-40-g277498a001 (webtiles) character file.

Game seed: 16991948993207856443

1682 Htamos the Thaumaturge (level 8, -1/48 HPs)
             Began as a Deep Elf Wizard on Aug 30, 2019.
             Was an Initiate of Kikubaaqudgha.
             Succumbed to a hornet's poison
             ... on level 6 of the Dungeon.
             The game lasted 00:19:35 (8242 turns).

Htamos the Thaumaturge (Deep Elf Wizard)            Turns: 8242, Time: 00:19:36

Health: -1/48      AC:  3    Str:  9    XL:     8   Next: 71%
Magic:  5/23       EV: 18    Int: 26    God:    Kikubaaqudgha [......]
Gold:   360        SH:  0    Dex: 18    Spells: 19/25 levels left

rFire    + . .     SeeInvis .   t - +3 dagger (venom)
rCold    + . .     Gourm    .   (no shield)
rNeg     . . .     Faith    .   a - +0 robe
rPois    +         Spirit   .   b - +0 hat
rElec    +         Reflect  .   (no cloak)
rCorr    +         Harm     .   (no gloves)
MR       .....                  m - +0 pair of boots
Stlth    +++.......             (no amulet)
HPRegen  0.16/turn              (no ring)
MPRegen  0.18/turn              (no ring)

@: mighty, agile, lethally poisoned (-1 -> -10), resistant, berserk cooldown,
very slightly contaminated, slowed, very slow
A: horns 1, mutation resistance 1
a: Renounce Religion


You were on level 6 of the Dungeon.
You worshipped Kikubaaqudgha.
Kikubaaqudgha was noncommittal.
You were not hungry.

You visited 1 branch of the dungeon, and saw 6 of its levels.

You collected 360 gold pieces.

Inventory:

Hand Weapons
 g - a +0 spear
 k - a +2 whip of freezing
 r - a cursed -3 mace
 s - a +0 rapier
 t - a +3 dagger of venom (weapon)
Armour
 a - a +0 robe (worn)
 b - a +0 hat (worn)
 m - a +0 pair of boots (worn)
Jewellery
 o - an uncursed amulet of rage
Scrolls
 c - a scroll of amnesia {unknown}
 f - 2 scrolls of enchant weapon
 h - a scroll of blinking
 n - 4 scrolls of remove curse {unknown}
 q - 5 scrolls of identify
 x - a scroll of enchant armour {unknown}
Potions
 i - a potion of flight
 v - a potion of might
 z - a potion of haste
Comestibles
 d - 12 rations


   Skills:
 * Level 4.8 Fighting
 - Level 2.4 Dodging
 - Level 2.4 Stealth
 + Level 9.3 Spellcasting
 - Level 6.3 Conjurations
 - Level 1.1 Summonings
 + Level 4.2 Necromancy
   Level 1.1 Translocations


You had 19 spell levels left.
You knew the following spells:

 Your Spells              Type           Power        Failure   Level  Hunger
a - Magic Dart            Conj           ####         1%          1    None
b - Call Imp              Summ           ###.....     4%          2    None
c - Conjure Flame         Conj/Fire      ####....     4%          3    None

Your spell library contained the following spells:

 Spells                   Type           Power        Failure   Level  Hunger
 Blink                    Tloc           N/A          4%          2    None
 Mephitic Cloud           Conj/Pois/Air  ###.....     6%          3    None
 Slow                     Hex            ##......     8%          2    None


Dungeon Overview and Level Annotations

Branches:
Dungeon (6/15)
 Temple: D:4-7

Altars:
Hepliaklqana
Kikubaaqudgha
Okawaru
Trog
Yredelemnul

Annotations:
D:1 exclusion: downstairs
D:5 exclusion: downstairs
D:6 Menkaure


Innate Abilities, Weirdness & Mutations

You have a pair of small horns on your head.
You are somewhat resistant to further mutation.


Message History

* * * LOW HITPOINT WARNING * * *
You feel sick.
You aren't carrying any items that you can evoke without wielding.
Blink to where?
Press: ? - help, Dir - move target cursor You are very lightly contaminated with residual magic.
As you read the scroll labeled HEYKLYULINN, it crumbles to dust.
It was a scroll of blinking.
* * * LOW HITPOINT WARNING * * *
You feel sick.
As you read the scroll labeled ARAJITIFYA, it crumbles to dust.
The air around you briefly surges with heat, but it dissipates.
It was a scroll of immolation.
* * * LOW HITPOINT WARNING * * *
You feel sick.
As you read the scroll labeled TAFI RUPPUYKATZ, it crumbles to dust.
It is a scroll of identify.
o - an uncursed amulet of rage You die...
Kikubaaqudgha rasps: "You have failed me!
Welcome... death!"

##...## #.# ##'## #.# #†#
#[# .######## #.# #.#
........###)###### #.#
.###.###.#.......# #.#
..###.#.#......##.# #.#
....yS.SO.#....##.# #.#
.###.l..##.@#.##.#######.#
......#####..#............#
.#### #..####.#########
#..####.# #.......#
#######.######
#.......##### #.###.......#
##.###.#.....#######


There were no monsters in sight!

Vanquished Creatures
  Pikel (D:5)
  A hornet (D:6)
  A water moccasin (D:6)
  2 slaves (D:5)
  2 ogres
  2 bullfrogs
  A crimson imp (D:5)
  A hound (D:3)
  2 orc wizards
  2 orc priests (D:3)
  A centaur skeleton (D:4)
  Ijyb (D:4)
  An iguana (D:5)
  A hound skeleton (D:6)
  A howler monkey zombie (D:5)
  A worker ant zombie (D:3)
  A gnoll (D:1)
  10 adders
  A shadow imp (D:6)
  2 oozes
  An adder skeleton (D:4)
  7 worms
  A dart slug (D:3)
  2 leopard geckos
  31 orcs
  3 giant cockroaches
  5 goblins
  8 hobgoblins
  17 jackals
  10 kobolds
  3 quokkas
  7 bats
  3 frilled lizards
  15 rats
148 creatures vanquished.

Vanquished Creatures (collateral kills)
  A slave (D:4)
1 creature vanquished.

Grand Total: 149 creatures vanquished

Notes
Turn   | Place    | Note
-------+----------+-------------------------------------------
     0 | D:1      | Htamos the Deep Elf Wizard began the quest for the Orb.
     0 | D:1      | Reached XP level 1. HP: 10/10 MP: 7/7
   333 | D:1      | Reached XP level 2. HP: 15/15 MP: 1/9
   508 | D:1      | Learned a level 2 spell: Call Imp
   521 | D:1      | Reached skill level 5 in Spellcasting
   768 | D:1      | Reached XP level 3. HP: 19/19 MP: 8/11
  1676 | D:2      | Learned a level 3 spell: Conjure Flame
  1914 | D:2      | Reached XP level 4. HP: 17/24 MP: 7/13
  2300 | D:2      | Reached skill level 6 in Spellcasting
  3146 | D:3      | Reached XP level 5. HP: 28/28 MP: 8/15
  3881 | D:3      | Reached skill level 7 in Spellcasting
  4158 | D:3      | HP: 1/28 [orc/cursed -1 hand axe (6)]
  4161 | D:3      | Reached XP level 6. HP: 2/32 MP: 5/18
  4599 | D:3      | Reached skill level 5 in Conjurations
  5229 | D:4      | Reached skill level 1 in Fighting
  5393 | D:4      | Reached XP level 7. HP: 24/40 MP: 13/20
  5539 | D:4      | Found an ancient bone altar of Kikubaaqudgha.
  5540 | D:4      | Noticed Ijyb
  5555 | D:4      | Killed Ijyb
  5555 | D:4      | Reached skill level 8 in Spellcasting
  5562 | D:4      | Became a worshipper of Kikubaaqudgha
  5871 | D:5      | Entered Level 5 of the Dungeon
  5923 | D:5      | Found a basalt altar of Yredelemnul.
  5937 | D:5      | Noticed a moth of wrath
  5940 | D:5      | Found a bloodstained altar of Trog.
  6224 | D:5      | Found an iron altar of Okawaru.
  6332 | D:5      | Noticed Pikel
  6706 | D:5      | Reached skill level 1 in Necromancy
  7326 | D:5      | Killed Pikel
  7326 | D:5      | Reached XP level 8. HP: 48/48 MP: 20/22
  7387 | D:5      | Found a hazy altar of Hepliaklqana.
  7624 | D:6      | Noticed Menkaure
  8201 | D:6      | Noticed a hornet
  8215 | D:6      | Reached skill level 9 in Spellcasting
  8232 | D:6      | Killed a hornet
  8233 | D:6      | Gained mutation: You are somewhat resistant to further
                  | mutation. [potion of mutation]
  8233 | D:6      | Gained mutation: You have a pair of small horns on your
                  | head. [potion of mutation]
  8240 | D:6      | HP: 2/48 [poisoned by a hornet]
  8242 | D:6      | Succumbed to a hornet's poison

Skill      XL: |  1  2  3  4  5  6  7  8 |
---------------+-------------------------+-----
Spellcasting   | 5 6 7 8 9 |  9.3
Conjurations   | 2 3 4 5 6 |  6.3
Fighting       | 2 3 4 |  4.8
Necromancy     | 2 4 |  4.2
Dodging        | |  2.4
Stealth        | |  2.4
Summonings     | |  1.1
Translocations | |  1.1

Action                   |  1- 3 |  4- 6 |  7- 9 || total
-------------------------+-------+-------+-------++-------
Melee: Unarmed           |     6 |       |       ||     6
       Spear             |    21 |       |       ||    21
       Dagger            |       |       |     8 ||     8
 Cast: Magic Dart        |    91 |   228 |   134 ||   453
       Conjure Flame     |     2 |     2 |     1 ||     5
       Call Imp          |       |       |     5 ||     5
Evoke: Wand              |       |       |    14 ||    14
  Use: Potion            |       |     6 |     5 ||    11
       Scroll            |       |     1 |     3 ||     4
  Eat: Chunk             |     3 |    10 |     9 ||    22
Armor: Robe              |     4 |     4 |     4 ||    12
Dodge: Dodged            |    16 |    17 |    23 ||    56
